Unix NetHack Version 5.0.0-0 post-release - last build May 17 2026 04:57:42 (dc50c8380fa5e20985bfe3072449f57b8d9895ef,branch:main).

Game began 2026-05-20 06:15:07, ended 2026-05-20 07:18:37.

FutureTim, lawful female human Valkyrie

          -------           ---                    ---
         --..|..--         --.-----                ..|
   ----  |.......|       #--......---             -..--
   |..|  |......--      -#..........|             ....---
   |..|  --...`.|      -#.......--..|             ......
   |.--   --....---- ###.......------             .....
   |.|     ----....---#.....----                 ....
   |.|  ---   |.....|.......#----                ...
   |.| --.-- --.............-#..|              --..`
   |.| |...---..|.......-##.....--             |....-
   |.| |.......-|......-#*##.....|      --------@.-
   |.| |-...----|.....--  #.....--      |.......h.|
   |.--|..|.|   --....-----.....---------.-------.|
   |...|.-|.|   --.....--<.......--.......|      .-
   ---.|.||.-----...................-------      .
     |.|.||..--...---...............#
     |...||.....--- |........#..-#.##
     --..|-------   ---...---###--##
      |..|            --.--
      |..|             ---
      ----
FutureTim the Fighter       St:18/04 Dx:13 Co:17 In:3 Wi:7 Ch:10  Lawful
Dlvl:10 $:19 HP:0(62) Pw:15(15) AC:-2 Xp:7 T:3942 

Latest messages:
 You finish eating the gnome corpse.
 You see here a glass orb.
 k - a glass orb.
 You hear crashing rock.
 You hear crashing rock.
 You sense a faint wave of psychic energy.
 What do you want to use or apply? [ehkquvyBEGOQU or ?*] <enter>
 Never mind.
 You sense a faint wave of psychic energy.
 You hear crashing rock.
 You hear crashing rock.
 You sense a faint wave of psychic energy.
 You sense a faint wave of psychic energy.
 The gnome hits!
 You kill the gnome!
 You see here a dart.
 A little dart shoots out at you!
 You are hit by a little dart.
 With great effort you move the boulder.
 You sense a faint wave of psychic energy.
 You hear crashing rock.
 You hear crashing rock.
 A wave of psychic energy pours over you!
 It locks on to your latent telepathy!
 You hear crashing rock.
 You hit the mind flayer!
 The mind flayer hits!
 The mind flayer's tentacles suck your brain!
 Your brain is eaten!
 You feel stupid!
 The mind flayer just misses!
 The mind flayer's tentacles suck your brain!
 Your brain is eaten!
 You feel very stupid!
 You forget some of your training in spear.
 You hit the mind flayer!
 You hit the mind flayer!
 The mind flayer hits!
 The mind flayer's tentacles suck your brain!
 Your brain is eaten!
 You feel stupid!
 The mind flayer just misses!
 The mind flayer's tentacles suck your brain!
 Your brain is eaten!
 Your last thought fades away.
 Do you want your possessions identified? [ynq] (y) y
 Do you want to see your attributes? [ynq] (y) y
 Do you want an account of creatures vanquished? [ynaq] (y) y
 Do you want to see your conduct and achievements? [ynq] (y) y
 Do you want to see the dungeon overview? [ynq] (y) y

Inventory:
 Coins    ('$')
  $ - 19 gold pieces
 Weapons  (')')
  V - 7 blessed +0 arrows
  o - 21 +0 arrows
  W - a +0 bow
  b - a +0 dagger
  a - a +1 spear (weapon in left hand)
 Armor    ('[')
  t - a blessed +3 pair of iron shoes (being worn)
  c - an uncursed +3 small shield (being worn)
  M - an uncursed +0 cloak of protection (being worn)
  N - an uncursed +0 mummy wrapping
 Comestibles  ('%')
  m - an uncursed cram ration
  d - 3 uncursed food rations
 Scrolls  ('?')
  J - an uncursed scroll of fire
  j - an uncursed scroll of identify
 Potions  ('!')
  K - an uncursed potion of extra healing
  T - an uncursed potion of healing
  I - an uncursed potion of sleeping
  S - a blessed potion of speed
  x - an uncursed potion of water
 Wands    ('/')
  q - a wand of cancellation (0:6)
  Q - a wand of stasis (0:6)
 Tools    ('(')
  u - an empty uncursed bag of holding
  G - an empty uncursed sack
  U - a magic harp (0:7)
  h - a cursed blindfold
  k - a crystal ball (0:7)
  O - an uncursed magic lamp
  v - a +0 pick-axe
  e - an uncursed skeleton key
  B - an uncursed tallow candle
  y - a cursed tallow candle
  E - an uncursed wax candle
 Gems/Stones  ('*')
  i - an uncursed agate stone
  Z - an uncursed amber stone
  g - an uncursed sapphire
  n - 3 uncursed worthless pieces of black glass
  P - an uncursed worthless piece of green glass
  f - an uncursed worthless piece of orange glass
  D - 2 uncursed worthless pieces of orange glass
  F - 5 uncursed worthless pieces of red glass
  r - 2 uncursed worthless pieces of white glass
  H - an uncursed worthless piece of yellowish brown glass

FutureTim the Valkyrie's attributes:

Background:
 You were a Fighter, a level 7 human Valkyrie.
 You were lawful, on a mission for Tyr
 who was opposed by Odin (neutral) and Loki (chaotic).
 You were left-handed.
 You were in the Gnomish Mines, on level 10.
 You entered the dungeon 3942 turns ago.
 You had 1064 experience points, 216 more were needed to attain level 8.

Basics:
 You had 0 out of 62 hit points.
 You had all 15 energy points (spell power).
 Your armor class was -2.
 Your wallet contained 19 zorkmids.
 Autopickup was off.

Final Characteristics:
 Your strength was 18/04 (peak:18/05, limit:18/100).
 Your dexterity was 13 (limit:18).
 Your constitution was 17 (limit:18).
 Your intelligence was 3 (peak:7, limit:18).
 Your wisdom was 7 (limit:18).
 Your charisma was 10 (limit:18).

Final Status:
 You weren't hungry.
 You were unencumbered.
 You were wielding a spear.
 You had basic skill with spear.

Final Attributes:
 You were piously aligned.
 You were cold resistant.
 You were telepathic.
 You were stealthy.
 You were protected.
 You were fast.
 You are dead.

Miscellaneous:
 You didn't encounter any bones levels.
 Total elapsed playing time was 1 hour, 3 minutes and 27 seconds.

Major events:
 Turn
    1: FutureTim the lawful human Valkyrie entered the dungeon
  941: entered the Gnomish Mines
  959: attained the rank of Skirmisher (level 3)
 2306: attained the rank of Fighter (level 6)
 2465: reached Mine Town
 3942: killed by brainlessness

You didn't know any spells.

Skills:
 Fighting Skills
   bare handed combat [Unskilled]
   two weapon combat  [Unskilled]
   riding             [Unskilled]
 Weapon Skills
   dagger             [Basic]
   axe                [Unskilled]
   pick-axe           [Unskilled]
   short sword        [Unskilled]
   broadsword         [Unskilled]
   long sword         [Unskilled]
   two-handed sword   [Unskilled]
   saber              [Unskilled]
   hammer             [Unskilled]
   quarterstaff       [Unskilled]
   polearms           [Unskilled]
   spear              [Basic]
   trident            [Unskilled]
   lance              [Unskilled]
   sling              [Unskilled]
 Spellcasting Skills
   attack spells      [Unskilled]
   escape spells      [Unskilled]

Voluntary challenges:
 Character rerolling was not enabled.
 You never genocided any monsters.
 You never polymorphed an object.
 You never changed form.
 You used no wishes.
Achievements:
 You entered a shop.
 You entered the Gnomish Mines.
 You attained the rank of Skirmisher.
 You attained the rank of Fighter.
 You entered Minetown.
 You entered a temple.

 The Dungeons of Doom: levels 1 to 3
    Level 1:
       Some fountains.
    Level 2:
       A general store, a fountain, a grave.
    Level 3:
       A fountain, a grave.
       Stairs down to The Gnomish Mines.
 The Gnomish Mines: levels 4 to 10
    Level 4:
    Level 5:
    Level 6:
    Level 7:
       Many shops, a temple and an altar, some fountains.
    Level 8:
    Level 9:
    Level 10: <- You were here.
       Final resting place for
          you, killed by brainlessness.


Vanquished creatures:
 an ogre tyrant
  a large mimic
  a giant beetle
  a quivering blob
  a scorpion
  a horse
  3 jaguars
 an imp
  2 rock piercers
  a yellow light
 11 gnome leaders
  4 gnomish wizards
  a kobold mummy
  a floating eye
  a kitten
  6 dwarves
  2 centipedes
  2 giant bats
  a monkey
  a werejackal
 an iguana
  2 killer bees
  a gas spore
  3 hobbits
  2 cave spiders
 43 gnomes
  5 geckos
  a jackal
  a kobold
  a goblin
  a sewer rat
  4 grid bugs
  3 lichens
  a kobold zombie
  7 newts
119 creatures vanquished.

No species were genocided or became extinct.

Game over:
                       ----------
                      /          \
                     /    REST    \
                    /      IN      \
                   /     PEACE      \
                  /                  \
                  |    FutureTim     |
                  |      19 Au       |
                  |    killed by     |
                  |  brainlessness   |
                  |                  |
                  |                  |
                  |       2026       |
                 *|     *  *  *      | *
        _________)/\\_//(\/(/\)/\//\/|_)_______

Farvel FutureTim the Valkyrie...

You died in The Gnomish Mines on dungeon level 10 with 4764 points,
and 19 pieces of gold, after 3942 moves.
You were level 7 with a maximum of 62 hit points when you died.

